 Dungeon Crawl Stone Soup version 0.18.1-48-g4cf74bf (webtiles) character file.

59 MistressOfTheDunes the Insei (level 3, -2/29 HPs)
             Began as a Mummy Monk on June 26, 2016.
             Slain by Jessica
             ... wielding a +0 dagger
              (4 damage)
             ... on level 2 of the Dungeon.
             The game lasted 00:01:15 (1754 turns).

MistressOfTheDunes the Insei (Mummy Monk)           Turns: 1754, Time: 00:01:16

Health: -2/29      AC:  0    Str: 14    XL:     3   Next: 78%
Magic:  3/3        EV: 13    Int:  9    God:
Gold:   43         SH:  0    Dex: 15    Spells: 0 memorised, 2 levels left

rFire  x . .     SeeInvis .       - Unarmed
rCold  + . .     Gourm    .     (no armour)
rNeg   + + +     Faith    .     (no shield)
rPois  ∞         Spirit   .     (no helmet)
rElec  .         Dismiss  .     (no cloak)
rCorr  .         Reflect  .     (no gloves)
SustAt .         Harm     .     (no boots)
MR     .....                    (no amulet)
Stlth  ++........               (no ring)
                                (no ring)

@: not resistant to hostile enchantments, unstealthy
A: no food or potions, fire vulnerability, cold resistance 1, negative energy
resistance 3, torment resistance, unbreathing
a: no special abilities


You were on level 2 of the Dungeon.
You were not hungry.

You visited 1 branch of the dungeon, and saw 2 of its levels.

You collected 43 gold pieces.


Innate Abilities, Weirdness & Mutations

You do not eat or drink.
Your flesh is vulnerable to fire.
You are immune to poison.
Your flesh is cold resistant.
You are immune to negative energy.
You are immune to unholy pain and torment.
You can survive without breathing.


   Skills:
 - Level 3.0 Fighting
 - Level 2.4 Dodging
 - Level 1.5 Stealth
 + Level 4.5 Unarmed Combat


You had 2 spell levels left.
You didn't know any spells.

Inventory:

Scrolls
 a - 3 scrolls of remove curse {unknown}
 b - a scroll of teleportation {unknown}

Dungeon Overview and Level Annotations

Branches:
Dungeon (2/15)

Altars:

Annotations:
D:2 Jessica

▒.... ▒▒▒▒ ▒▒.▒▒ ...▒▒▒▒▒
▒▒▒▒▒▒▒▒.▒▒ ▒.....▒
▒.....▒▒.▒▒
▒.....▒▒▒▒▒▒▒▒▒▒▒.....▒▒.▒▒
▒.....'....................
▒.....▒▒▒▒.▒▒▒▒▒▒..........
▒.....▒ ▒@▒ ▒..........
▒.....▒ ▒M▒ ▒▒▒▒▒......
▒.▒..▒▒ ▒.▒ ▒▒▒▒...... +
▒▒.▒ ▒.▒ ▒..'...... ▒.▒▒.▒▒
▒.▒▒▒▒▒▒▒▒.▒...... ▒.....▒
▒.▒▒.......▒...... ▒..▒▒.▒▒
▒.▒▒.......▒<..... ▒....@.▒
▒.▒▒......▒▒.(.... ▒..▒▒▒.▒
▒.▒▒......'......▒ ▒.
▒†▒▒▒.▒▒......▒▒▒▒▒▒▒▒


You could see Jessica.


Message History

You annihilate the giant gecko!!!
Jessica gestures at you while chanting!
You feel yourself slow down!
Jessica gestures wildly while chanting!
Jessica blinks!!!
There is an open door here!
You close the door!
Jessica opens the door!
Jessica gestures at you while chanting!
You barely resist! Jessica hits you but does no damage!
You barely miss Jessica!
Jessica points at you and mumbles some strange words!
You are unaffected!
Jessica closely misses you!
You pummel Jessica but do no damage!
You feel yourself speed up!
Jessica is no longer moving quickly!
Jessica hits you but does no damage!
Jessica mumbles something strange!
Jessica hits you with a dagger! * * * don't die
* * * You barely miss Jessica!
Jessica casts a spell at you! You resist with some effort!
You pummel Jessica like a punching bag!
Jessica is moderately wounded!
Jessica completely misses you!
You barely miss Jessica!
Jessica is moderately wounded!
Jessica hits you with a dagger! rip

Action                   || total
-------------------------++-------
Melee: Unarmed           ||   118
       Punch             ||     1
 Stab: Sleeping          ||     3
Dodge: Dodged            ||    63

Vault maps used:
D:1:      lightli_arrival_isolated_outpost, serial_co_window_serial,
          co_window_corner_a, co_window_paths_a, co_window_corner_a,
          co_window_cross_1, co_window_of_opportunity_a, co_window_paths_b,
          co_window_paths_a, co_window_corner_a, co_window_of_opportunity_a,
          co_window_corner_ca, co_window_of_opportunity_c, co_window_2corner,
          co_window_corner_cb, glass_columns_b, glass_columns_a,
          glass_columns_a, glass_columns_a, serial_park_tiny_pond
D:2:      minmay_door_square, uniq_crazy_yiuf_cottage, uniq_jessica

Notes
Turn   | Place    | Note
--------------------------------------------------------------
     0 | D:1      | MistressOfTheDunes the Mummy Monk began the quest for the Orb.
     0 | D:1      | Reached XP level 1. HP: 18/18 MP: 1/1
   290 | D:1      | Reached XP level 2. HP: 14/24 MP: 2/2
   858 | D:1      | Reached skill level 4 in Unarmed Combat
  1355 | D:2      | Reached XP level 3. HP: 24/29 MP: 3/3
  1696 | D:2      | Noticed Jessica
  1719 | D:2      | HP: 1/29 [giant gecko (5)]
  1751 | D:2      | HP: 2/29 [Jessica/dagger (3)]
  1754 | D:2      | Slain by Jessica

Vanquished Creatures
  2 adders (D:2)
  An ooze (D:1)
  A worm (D:2)
  2 dart slugs
  2 giant geckos
  A giant cockroach (D:1)
  5 goblins
  2 hobgoblins (D:1)
  5 kobolds
  2 ball pythons
  3 giant newts (D:1)
  3 rats
29 creatures vanquished.
